 Dungeon Crawl Stone Soup version 0.19.4 (webtiles) character file.

3245 KyraPratley the Cleaver (level 10, 0/76 HPs)
             Began as a Human Fighter on Feb 1, 2017.
             Slain by Grum
             ... wielding a -2 spear
              (8 damage)
             ... on level 8 of the Dungeon.
             The game lasted 00:32:15 (6305 turns).

KyraPratley the Cleaver (Human Fighter)             Turns: 6305, Time: 00:32:16

Health: 0/76       AC:  7    Str: 18    XL:     10   Next: 18%
Magic:  10/10      EV: 12    Int: 15    God:
Gold:   196        SH: 12    Dex: 13    Spells: 0 memorised, 9 levels left

rFire  + . .     SeeInvis .     u - +2 hand axe (freeze)
rCold  + + .     Gourm    .     v - +0 leather armour of Fashionability {-Tele rPois rC+ Int+5} (curse)
rNeg   . . .     Faith    .     o - +2 shield {rC+ rF+}
rPois  +         Spirit   .     j - +0 helmet
rElec  .         Reflect  .     (no cloak)
rCorr  .         Harm     .     y - +1 pair of gloves
MR     .....     NoTele   +     (no boots)
Stlth  +.........               k - amulet of regeneration
                                (no ring)
                                (no ring)

@: no status effects
A: no striking features
a: no special abilities


You were on level 8 of the Dungeon.
You were full.

You visited 1 branch of the dungeon, and saw 7 of its levels.

You collected 406 gold pieces.
You spent 210 gold pieces at shops.

Inventory:

Hand Weapons
 a - a +1 war axe
 u - a +2 hand axe of freezing (weapon)
Missiles
 e - 206 stones (quivered)
Armour
 b - a +0 scale mail
 c - a +0 leather armour
 j - a +0 helmet (worn)
 o - a +2 shield of resistance (worn)
 v - the cursed +0 leather armour of Fashionability (worn) {-Tele rPois rC+ Int+5}
   (You bought it in a shop on level 5 of the Dungeon)

   It affects your intelligence (+5).
   It protects you from cold.
   It protects you from poison.
   It prevents most forms of teleportation.
   It has a curse placed upon it.
 y - a +1 pair of gloves (worn)
Rods
 x - a +0 lightning rod (10/10)
   (You found it on level 5 of the Dungeon)
Jewellery
 k - an amulet of regeneration (around neck)
 q - an uncursed ring of positive energy {unknown}
Wands
 B - a wand of slowing (20/48)
 E - a wand of teleportation (2/9)
Scrolls
 l - 3 scrolls of teleportation
 m - 9 scrolls of identify
 n - a scroll of enchant armour {unknown}
 p - a scroll of remove curse
 r - a scroll of fear {unknown}
 t - a scroll of blinking {unknown}
 w - a scroll of immolation {unknown}
 C - a scroll of recharging {unknown}
 F - a scroll of amnesia
Potions
 s - a potion of heal wounds {unknown}
 z - a potion of curing
 A - a potion of cancellation {unknown}
Books
 f - a book of Misfortune

   Spells                             Type                      Level
   a - Confusing Touch                Hexes                        1
   b - Confuse                        Hexes                        3
   c - Gell's Gravitas                Hexes/Translocation          3
   d - Petrify                        Transmutation/Earth          4
   e - Metabolic Englaciation         Hexes/Ice                    5
   f - Yara's Violent Unravelling     Hexes/Transmutation          5
Comestibles
 g - 4 meat rations
 h - 2 beef jerkies
 i - 4 fruits
 D - a bread ration


   Skills:
 + Level 5.8 Fighting
 + Level 8.6 Axes
 + Level 2.2 Throwing
 + Level 4.7 Armour
 + Level 4.8 Dodging
 + Level 1.0 Stealth
 + Level 7.3 Shields


You had 9 spell levels left.
You didn't know any spells.

Dungeon Overview and Level Annotations

Branches:
Dungeon (6/15)
 Temple: D:4-7

Altars:
Elyvilon
Vehumet

Shops:
D:5 [

Annotations:
D:8 Grum


Message History

* * * LOW HITPOINT WARNING * * *
You hit the wolf. You freeze the wolf.
The wolf is severely wounded.
You hit the wolf. You freeze the wolf. You block the wolf's attack.
The wolf closely misses you. You block Grum's attack. The wolf bites you.
* * * LOW HITPOINT WARNING * * *
The wolf bites you.
* * * LOW HITPOINT WARNING * * *
Unknown command.
You hit the wolf. You freeze the wolf.
You kill the wolf!
You hit the wolf. You freeze the wolf. The wolf bites you.
* * * LOW HITPOINT WARNING * * *
You block Grum's attack. You block the wolf's attack.
You hit the wolf. You freeze the wolf.
You kill the wolf!
Grum hits you from afar with a spear.
* * * LOW HITPOINT WARNING * * *
You miss the crimson imp. Grum hits you from afar with a spear!
You die...

############....##
#..#.#..#..#.....#
.......#....#....#
.......#...##...##
..###..##..##....#
..###..##..##....#######
................##.....##
.................#..(...#
................@5$.....#
................†#g.....#
..###..##..###..###...###
..###'###..###..###...#
..#..........#...#.....#
..#..........'...#.5...#
..#..........#...#.....#
..#..........#...#.....#
..##..###...##...# ###


You could see Grum and a crimson imp.

Vanquished Creatures
  A centaur skeleton (D:8)
  An orc warrior (D:8)
  A black bear (D:6)
  6 ogres
  A necrophage (D:6)
  2 wolves (D:8)
  A centaur (D:8)
  3 bullfrogs (D:6)
  A water moccasin zombie (D:5)
  4 scorpions
  A water moccasin skeleton (D:4)
  7 killer bees (D:8)
  A howler monkey (D:5)
  3 crimson imps
  2 orc priests
  3 hounds
  5 orc wizards
  An iguana (D:4)
  Jessica (D:3)
  Natasha (thrice) (D:2)
  Ijyb (D:6)
  11 worker ants
  2 hound skeletons
  A gnoll (D:5)
  A howler monkey skeleton (D:6)
  12 adders
  A shadow imp (D:5)
  3 worms
  5 dart slugs
  A leopard gecko (D:1)
  25 orcs
  2 ball pythons
  10 bats
  4 giant cockroaches
  8 goblins
  8 hobgoblins
  12 jackals
  7 kobolds
  2 quokkas
  5 frilled lizards
  A quokka skeleton (D:4)
  10 rats
180 creatures vanquished.

Vanquished Creatures (others)
  An orc wizard (D:3)
1 creature vanquished.

Grand Total: 181 creatures vanquished

Notes
Turn   | Place    | Note
-------+----------+-------------------------------------------
     0 | D:1      | KyraPratley the Human Fighter began the quest for the Orb.
     0 | D:1      | Reached XP level 1. HP: 18/18 MP: 1/1
   163 | D:1      | Reached XP level 2. HP: 21/24 MP: 2/2
   450 | D:1      | Reached XP level 3. HP: 29/29 MP: 3/3
   521 | D:1      | Reached skill level 1 in Throwing
  1055 | D:2      | Reached XP level 4. HP: 30/35 MP: 4/4
  1147 | D:2      | Reached skill level 3 in Axes
  1181 | D:2      | Noticed Natasha
  1189 | D:2      | Killed Natasha
  1394 | D:2      | Noticed Natasha
  1413 | D:2      | Killed Natasha
  1413 | D:2      | Reached XP level 5. HP: 38/41 MP: 5/5
  1462 | D:2      | Noticed Natasha
  1472 | D:2      | Killed Natasha
  1738 | D:3      | Reached skill level 4 in Axes
  1738 | D:3      | Reached XP level 6. HP: 43/47 MP: 6/6
  2052 | D:3      | Found a white marble altar of Elyvilon.
  2053 | D:3      | Found a radiant altar of Vehumet.
  2536 | D:3      | Noticed Jessica
  2566 | D:3      | Killed Jessica
  2630 | D:3      | Reached XP level 7. HP: 38/52 MP: 7/7
  2891 | D:4      | Reached skill level 5 in Axes
  3079 | D:5      | Entered Level 5 of the Dungeon
  3239 | D:4      | Reached skill level 1 in Dodging
  3678 | D:4      | Reached XP level 8. HP: 60/60 MP: 8/8
  3705 | D:4      | Reached skill level 6 in Axes
  3705 | D:4      | Reached skill level 5 in Shields
  4190 | D:5      | Found Atogge's Antique Armour Boutique.
  4225 | D:5      | Bought a shimmering leather armour for 210 gold pieces
  4239 | D:5      | Identified the cursed +0 leather armour of Fashionability {-Tele rPois rC+ Int+5} (You bought it in a shop on level 5 of the Dungeon)
  4559 | D:5      | Reached skill level 7 in Axes
  4559 | D:5      | Reached XP level 9. HP: 66/66 MP: 9/9
  4933 | D:6      | Noticed Ijyb
  4948 | D:6      | Killed Ijyb
  5024 | D:6      | Reached skill level 5 in Fighting
  5024 | D:6      | Reached skill level 1 in Stealth
  5691 | D:6      | You fall through a shaft for 2 floors!
  5807 | D:8      | Reached skill level 8 in Axes
  5932 | D:8      | Reached XP level 10. HP: 76/76 MP: 10/10
  6287 | D:8      | Noticed Grum
  6305 | D:8      | Slain by Grum

Skill      XL: |  1  2  3  4  5  6  7  8  9 10 |
---------------+-------------------------------+-----
Throwing       | 1 2 |  2.2
Axes           | 3 4 5 7 8 |  8.6
Shields        | 4 5 6 7 |  7.3
Dodging        | 1 2 4 |  4.8
Fighting       | 4 5 |  5.8
Armour         | 4 |  4.7
Stealth        | 1 |  1.0

Action                   |  1- 3 |  4- 6 |  7- 9 | 10-12 || total
-------------------------+-------+-------+-------+-------++-------
Melee: War axe           |   102 |   154 |    92 |       ||   348
       Hand axe          |       |       |   373 |    50 ||   423
Throw: Stone             |    66 |    58 |     4 |     3 ||   131
  Use: Potion            |     3 |     2 |     3 |       ||     8
       Scroll            |       |     8 |       |       ||     8
 Stab: Sleeping          |       |       |     1 |       ||     1
  Eat: Bread ration      |     1 |       |     2 |       ||     3
       Chunk             |       |     2 |     3 |       ||     5
       Meat ration       |       |       |       |     1 ||     1
Armor: Scale mail        |    58 |    45 |       |       ||   103
       Leather armour    |       |    17 |    62 |    17 ||    96
Dodge: Dodged            |    48 |    56 |   125 |    56 ||   285
Block: Shield            |    62 |   101 |   259 |    77 ||   499
